Cogmind - Beta 13 @@@ ROGUE MODE // 2024.05.06 @ 17:17:47 Player: Chickoo Result: Destroyed by Y-45 Defender with Heavy Assault Rifle Performance ------------- Evolutions (2) 1000 Regions Visited (5) 1000 Robots Destroyed (35) 175 Value Destroyed (687) 687 Prototype IDs (23) 460 Alien Tech Used (0) 0 Bonus (367) 367 TOTAL SCORE: 3689 Bonus ------- High Alert Combat Kills 67 Aligned with FarCom 300 Cogmind --------- Core Integrity 0/550 Matter 99/300 Energy 100/100 System Corruption 0% Temperature Cool (27) Movement Core (250) Ox4 Location -8/Materials Parts ------- > --- POWER (1) -------- (None) > --- PROPULSION (3) --- (None) > --- UTILITY (5) ------ Medium Storage Unit Hacking Suite > --- WEAPON (2) ------- Heavy Flail > --- INVENTORY (10) --- Surge Thruster High-capacity Matter Pod (200) Microactuators ECM Suite Cloak of Protection Improved Propulsion Shielding Light Assault Rifle Improved Datajack Peak State ------------ > --- POWER ------------ Deuterium Engine > --- PROPULSION ------- Aluminum Leg Aluminum Leg > --- UTILITY ---------- Medium Storage Unit Light Armor Plating Hardened Light Armor Plating Hardened Light Armor Plating Hacking Suite > --- WEAPON ----------- Heavy Assault Rifle Heavy Flail > --- INVENTORY -------- High-capacity Matter Pod Weight Redist. System ECM Suite Cloak of Protection Heavy Assault Rifle Battle Cannon Rocket Launcher Rocket Launcher Improved Datajack [Rating: 21] Favorites ----------- Power Improved Ion Engine Engine Improved Ion Engine Propulsion Aluminum Leg Leg Aluminum Leg Utility Hardened Light Armor Plating Device Heat Sink Storage Small Storage Unit Processor Transport Network Coupler Hackware Hacking Suite Protection Hardened Light Armor Plating Weapon Heavy Assault Rifle Energy Gun Medium Laser Ballistic Gun Heavy Assault Rifle Ballistic Cannon Battle Cannon Launcher Rocket Launcher Impact Weapon Heavy Flail Build | -11 -10 -10 -10 -9 -8 ------- Run | Yrd Mat Min Exi Min Mat Slots Evolved 4 | . . . . . 4 Power . | . . . . . . Propulsion 1 | . . . . . 1 Utility 3 | . . . . . 3 Weapon . | . . . . . . Parts Attached 42 | 6 6 3 1 1 25 Power 3 | 1 . 1 . . 1 Engine 3 | 1 . 1 . . 1 Core . | . . . . . . Reactor . | . . . . . . Propulsion 4 | 2 . . . . 2 Treads . | . . . . . . Leg 4 | 2 . . . . 2 Wheel . | . . . . . . Hover . | . . . . . . Flight . | . . . . . . Utility 14 | 1 3 2 1 . 7 Device 3 | . 1 . . . 2 Storage 3 | 1 . 1 1 . . Processor 2 | . 1 . . . 1 Hackware 1 | . . . . . 1 Protection 5 | . 1 1 . . 3 Artifact . | . . . . . . Weapon 21 | 2 3 . . 1 15 Energy Gun 1 | 1 . . . . . Energy Cannon . | . . . . . . Ballistic Gun 9 | 1 2 . . . 6 Ballistic Cannon 1 | . . . . . 1 Launcher 8 | . 1 . . 1 6 Special Weapon . | . . . . . . Impact Weapon 2 | . . . . . 2 Slashing Weapon . | . . . . . . Piercing Weapon . | . . . . . . Special Melee Weapon . | . . . . . . Unidentified Prototypes . | . . . . . . Parts Lost 12 | . . . . . 12 Power 2 | . . . . . 2 Propulsion 3 | . . . . . 3 Utility 3 | . . . . . 3 Weapon 4 | . . . . . 4 Highest Loss Streak 7 | . . . . . 7 To Critical Strikes . | . . . . . . Average Slot Usage (%) 93 | . 98 100 100 100 79 Engine 12 | . 14 14 14 14 7 Leg 25 | . 28 28 28 28 20 Storage 12 | . 14 14 14 14 9 Processor 2 | . 8 . . . 3 Hackware 2 | . . . . . 8 Protection 11 | . 1 13 14 14 12 Energy Gun 8 | . 14 14 14 . . Ballistic Gun 13 | . 13 14 14 14 13 Launcher 2 | . . . . 14 2 Naked Turns . | . . . . . . Heaviest Build 39 | 13 20 22 27 29 39 Greatest Support 30 | 20 20 20 20 20 30 Greatest Overweight (x) 4 | 3 . 1 1 1 4 Average Overweight (x) . | . . . 1 1 . Largest Inventory Capacity 10 | 8 8 8 10 10 10 Average Capacity 8 | 7 8 8 8 10 10 Most Carried 10 | 1 8 8 9 9 10 Average Carried 7 | . 5 7 8 9 9 Final Capacity 10 | 8 8 8 10 10 10 Final Carried 9 | 1 8 8 9 9 8 Class Distribution -------------------- 90% | Mutant 9% | Scavenger-Mutant Dominant Class ---------------- Mutant | -10/Materials Mutant | -10/Mines Mutant | -10/Exiles Mutant | -9/Mines Mutant | -8/Materials Resources | -11 -10 -10 -10 -9 -8 ----------- Run | Yrd Mat Min Exi Min Mat Matter Collected 869 | 206 137 57 10 10 449 Remotely . | . . . . . . Salvage Created 812 | . 67 79 . . 666 Parts 59 | . 5 5 . . 49 Haulers Intercepted 4 | . 1 . . . 3 Recyclers Shooed 1 | . . . . . 1 Parts Field Recycled . | . . . . . . Retrieved Matter . | . . . . . . Parts Self-Destructed . | . . . . . . Prevented . | . . . . . . Kills | -11 -10 -10 -10 -9 -8 ------- Run | Yrd Mat Min Exi Min Mat Combat Hostiles Destroyed 25 | . . 4 . . 21 Guns 12 | . . 4 . . 8 AOE 13 | . . . . . 13 Classes Destroyed 10 | . 2 2 . . 6 Builder 1 | . . . . . 1 Hauler 4 | . 1 . . . 3 Recycler 2 | . . . . . 2 Mechanic 1 | . . . . . 1 Operator 1 | . 1 . . . . Watcher 1 | . . . . . 1 Swarmer 14 | . . 3 . . 11 Cutter 2 | . . . . . 2 Grunt 6 | . . 1 . . 5 Sentry 3 | . . . . . 3 Best Kill Streak 7 | . 1 3 . . 7 Combat Bots Only 7 | . . 3 . . 7 Max Kills in Single Turn 3 | . 1 1 . . 3 Gunslinging . | . . . . . . Exploded 3 | . . . . . 3 Melee . | . . . . . . Uniques/NPCs Destroyed . | . . . . . . Combat | -11 -10 -10 -10 -9 -8 -------- Run | Yrd Mat Min Exi Min Mat Hostile Shots Fired 179 | . . 25 . . 154 Missed 48 | . . 5 . . 43 Damage Taken 1939 | . . 173 . . 1766 Core 550 | . . . . . 550 Absorbed by Shields . | . . . . . . Core Remaining (%) 100 | 100 . . . 100 . Volleys Fired 79 | . 5 9 . . 65 Largest 2 | . 2 2 . . 2 Hottest 73 | . 73 73 . . 62 Shots Fired 135 | . 9 18 . . 108 Gun 110 | . 8 18 . . 84 Cannon 8 | . . . . . 8 Launcher 17 | . 1 . . . 16 Special . | . . . . . . Kinetic 105 | . 4 9 . . 92 Thermal 13 | . 4 9 . . . Explosive 17 | . 1 . . . 16 Electromagnetic . | . . . . . . Robot Hit Streak 10 | . 6 7 . . 10 Robot Miss Streak 5 | . 1 4 . . 5 Penetration Max . | . . . . . . Secondary Targets 1 | . . 1 . . . Max Gunslinging Chain 1 | . . 1 . . . Shots Hit Robots 83 | . 6 9 . . 68 Core Hits 56 | . 3 5 . . 48 Critical Kills 2 | . . . . . 2 Critical Parts Destroyed . | . . . . . . Critical Strikes 4 | . . 1 . . 3 Burn 1 | . . 1 . . . Destroy 2 | . . . . . 2 Blast 1 | . . . . . 1 Melee Attacks 2 | . . . . . 2 Impact 2 | . . . . . 2 Slashing . | . . . . . . Piercing . | . . . . . . Sneak Attacks . | . . . . . . Combat Hostiles . | . . . . . . Follow-up Attacks . | . . . . . . Damage Inflicted 2589 | . 84 172 . . 2333 Guns 1070 | . 84 172 . . 814 Cannons 131 | . . . . . 131 Explosions 1388 | . . . . . 1388 Melee . | . . . . . . Ramming . | . . . . . . Kinetic 1077 | . 46 86 . . 945 Thermal 124 | . 38 86 . . . Explosive 1388 | . . . . . 1388 Electromagnetic . | . . . . . . Impact . | . . . . . . Slashing . | . . . . . . Piercing . | . . . . . . Highest Corruption . | . . . . . . Average Corruption . | . . . . . . Corruption Purged . | . . . . . . Corruption Blocked . | . . . . . . Overload Shots . | . . . . . . Overflow Damage 11 | . . . . . 11 Projectiles . | . . . . . . Explosions 11 | . . . . . 11 Melee . | . . . . . . Knockbacks 1 | . . . . . 1 Impact . | . . . . . . Kinetic 1 | . . . . . 1 Secondary . | . . . . . . Self-Inflicted Damage 249 | . . . . . 249 Shots 8 | . . . . . 8 Rammed . | . . . . . . Targets Rammed . | . . . . . . Kicked . | . . . . . . Crushed . | . . . . . . Highest Temperature 255 | . 24 150 . . 255 Average Temperature 106 | . 12 73 . . 141 Received Heat Transfer 585 | . . 18 . . 567 Effects 1 | . . . . . 1 Energy Bleed 1 | . . . . . 1 Siege Activations . | . . . . . . Robots Corrupted . | . . . . . . Combat Hostiles . | . . . . . . Parts Fried . | . . . . . . Impact Corruptions . | . . . . . . Robots Melted . | . . . . . . Combat Hostiles . | . . . . . . Parts Melted 1 | . . 1 . . . Heat Transferred 444 | . 111 333 . . . Parts Sabotaged . | . . . . . . Parts Stolen . | . . . . . . Parts Stripped . | . . . . . . Power Chain Reactions . | . . . . . . Alert | -11 -10 -10 -10 -9 -8 ------- Run | Yrd Mat Min Exi Min Mat Peak Influence 601 | . 42 131 . . 601 Initial 16 | . . 16 . . . Average 120 | . 14 46 . . 283 Maximum Alert Level 2 | . . . . . 2 Low Security (%) 74 | 100 100 100 . 100 29 Level 1 17 | . . . . . 47 Level 2 8 | . . . . . 23 Level 3 . | . . . . . . Level 4 . | . . . . . . Level 5 . | . . . . . . High Security . | . . . . . . Max Security . | . . . . . . Squads Dispatched 4 | . . . . . 4 Investigation 2 | . . . . . 2 Extermination . | . . . . . . Reinforcement 2 | . . . . . 2 Assault . | . . . . . . Garrison . | . . . . . . Intercept . | . . . . . . Searches Triggered . | . . . . . . Construction Impeded . | . . . . . . Haulers Reinforced . | . . . . . . Active Scanning Responses . | . . . . . . Cargo Convoy Interrupts . | . . . . . . Stealth | -11 -10 -10 -10 -9 -8 --------- Run | Yrd Mat Min Exi Min Mat Distress Signals 5 | . . . . . 5 Communications Jammed . | . . . . . . Distress Signals . | . . . . . . Times Spotted 39 | . 1 6 . . 32 Peak Tracking Total 8 | . . 3 . . 8 Tactical Retreats 3 | . . . . . 3 Traps | -11 -10 -10 -10 -9 -8 ------- Run | Yrd Mat Min Exi Min Mat Traps Triggered 1 | . . . . . 1 Indirectly . | . . . . . . Trap Hack Attempts . | . . . . . . Triggered . | . . . . . . Disarmed . | . . . . . . Reprogrammed . | . . . . . . Reused . | . . . . . . Traps Extracted . | . . . . . . Installed . | . . . . . . Triggered 1 | . . 1 . . . Machines | -11 -10 -10 -10 -9 -8 ---------- Run | Yrd Mat Min Exi Min Mat Machines Disabled 3 | . . . . . 3 Max in Single Turn 1 | . . . . . 1 Machines Repaired . | . . . . . . Machines Dismantled . | . . . . . . Machines Sabotaged . | . . . . . . Overloaded Fab Kills . | . . . . . . Hacking | -11 -10 -10 -10 -9 -8 --------- Run | Yrd Mat Min Exi Min Mat Machines Accessed 7 | . 2 . 2 . 3 Terminals 4 | . 1 . . . 3 Fabricators . | . . . . . . Repair Stations . | . . . . . . Recycling Units 1 | . 1 . . . . Scanalyzers . | . . . . . . Garrison Access . | . . . . . . Total Hacks 25 | . 4 . 5 . 16 Successful 17 | . 2 . 5 . 10 Failed 7 | . 2 . . . 5 Catastrophic . | . . . . . . Database Lockouts 1 | . . . . . 1 Manual 15 | . 3 . 1 . 11 Terminals 18 | . 2 . . . 16 Fabricators . | . . . . . . Repair Stations . | . . . . . . Recycling Units 2 | . 2 . . . . Scanalyzers . | . . . . . . Garrison Access . | . . . . . . Terminal Hacks 13 | . . . 5 . 8 Record 4 | . . . 4 . . Robot Analysis 1 | . . . . . 1 Emergency Access Points 1 | . . . . . 1 Alert Level 1 | . . . . . 1 Dispatch Records 1 | . . . . . 1 Transport Status 1 | . . . . . 1 Hauler Manifests 1 | . . . . . 1 Zone Layout 2 | . . . . . 2 Derelict Proto ID Bank 1 | . . . 1 . . Fabricator Hacks . | . . . . . . Repair Station Hacks . | . . . . . . Recycling Unit Hacks 1 | . 1 . . . . Report Inventory 1 | . 1 . . . . Scanalyzer . | . . . . . . Garrison Access Hacks . | . . . . . . Unauthorized Hacks 3 | . 1 . . . 2 Terminals 2 | . . . . . 2 Botnet 2 | . . . . . 2 Fabricators . | . . . . . . Repair Stations . | . . . . . . Recycling Units 1 | . 1 . . . . Reject 1 | . 1 . . . . Scanalyzers . | . . . . . . Garrison Access . | . . . . . . Data Cores Recovered . | . . . . . . Used . | . . . . . . Hacking Detections 5 | . 2 . . . 3 Full Trace Events 2 | . 1 . . . 1 Feedback Events . | . . . . . . Feedback Blocked . | . . . . . . Robot Schematics Acquired . | . . . . . . Robots Built . | . . . . . . Authchips . | . . . . . . Time . | . . . . . . Total Robot Build Rating . | . . . . . . Part Schematics Acquired . | . . . . . . Parts Built . | . . . . . . Authchips . | . . . . . . Time . | . . . . . . Total Part Build Rating . | . . . . . . Parts Repaired . | . . . . . . Time . | . . . . . . Parts Recycled . | . . . . . . Recycled Matter . | . . . . . . Retrieved Matter . | . . . . . . Retrieved Components . | . . . . . . Parts Scanalyzed . | . . . . . . Part Schematics Acquired . | . . . . . . Parts Damaged . | . . . . . . Bothacking | -11 -10 -10 -10 -9 -8 ------------ Run | Yrd Mat Min Exi Min Mat Used RIF Installer . | . . . . . . Robots Hacked . | . . . . . . Non-combat . | . . . . . . Combat . | . . . . . . Robot Hacks Applied . | . . . . . . Relay Couplers Released . | . . . . . . Fabnet Peak Effective % . | . . . . . . Robots Rewired . | . . . . . . Allies Hacked . | . . . . . . Hacks Repelled . | . . . . . . Allies | -11 -10 -10 -10 -9 -8 -------- Run | Yrd Mat Min Exi Min Mat Total Allies . | . . . . . . Largest Group . | . . . . . . Highest-Rated Group . | . . . . . . Highest-Rated Ally . | . . . . . . Total Orders . | . . . . . . Ally Attacks . | . . . . . . Total Damage . | . . . . . . Kills . | . . . . . . Allies Corrupted . | . . . . . . Allies Melted . | . . . . . . Intel | -11 -10 -10 -10 -9 -8 ------- Run | Yrd Mat Min Exi Min Mat Robot Analysis Total 1 | . . . . . 1 Derelict Logs Recovered 2 | . . 2 . . . Drone Launches . | . . . . . . Drone Recoveries . | . . . . . . Exploration | -11 -10 -10 -10 -9 -8 ------------- Run | Yrd Mat Min Exi Min Mat Turns Passed 2653 | 48 308 746 490 279 782 Spaces Moved 1364 | 31 232 379 256 147 319 Core 23 | 12 . . . . 11 Treads . | . . . . . . Legs 1341 | 19 232 379 256 147 308 Wheels . | . . . . . . Hover . | . . . . . . Flight . | . . . . . . Fastest Speed 50 | 50 120 120 190 190 120 Average Speed 168 | 124 120 187 190 190 157 Slowest Speed 260 | 200 120 190 190 190 260 Overloaded Moves . | . . . . . . Propulsion Burnouts . | . . . . . . Robots Hopped . | . . . . . . Cave-ins Triggered . | . . . . . . Exploration Rate (%) 44 | 3 41 87 62 42 32 Regions Visited 5 Branch Regions 3 Pre-discovered Areas 4 | . . 2 1 1 . Known Exits Taken 1 | . 1 . . . . Unknown Exits Taken 4 | 1 . 1 1 1 . Scrap Searched 2 | . . 1 . 1 . Spaces Dug 13 | . 12 . . . 1 Terrain Destroyed 113 | . 12 . . . 101 Melee 1 | . . . . . 1 Projectile . | . . . . . . AOE 112 | . 12 . . . 100 Terrain Rammed . | . . . . . . Walls Destroyed . | . . . . . . Machines Disabled . | . . . . . . Actions | -11 -10 -10 -10 -9 -8 --------- Run | Yrd Mat Min Exi Min Mat Total 1575 | 37 251 395 262 147 483 Wait 62 | . . 2 . . 60 Move 1359 | 30 231 378 255 146 319 Hop . | . . . . . . Pick Up 15 | 1 6 1 3 . 4 Fast Attach 19 | 6 3 1 . . 9 Attach 6 | . . . . . 6 Detach 5 | . 1 . . . 4 Swap 17 | . 3 2 1 1 10 Drop 11 | . 2 2 3 . 4 Fire 79 | . 5 9 . . 65 Melee 2 | . . . . . 2 Ram . | . . . . . . Kick . | . . . . . . Crush . | . . . . . . Escape Stasis . | . . . . . . Rewire . | . . . . . . Trap . | . . . . . . Miscellaneous . | . . . . . . Route ------- -11/Scrapyard -10/Materials (discovered 2 exits: *Mat / *Min) -10/Mines (discovered 3 exits: *Mat x2 / *Exi) -10/Exiles -9/Mines -8/Materials (discovered 2 exits: [*Fac x2]) History --------- Turn | Location | Event 25 | -11/Scrapyard | Discovered new exit (range 16) 49 | -11/Scrapyard | Entered Materials 117 | -10/Materials | Discovered new exit (range 5) 180 | -10/Materials | Identified exit to Materials 315 | -10/Materials | Build established: Mutant 325 | -10/Materials | Discovered new exit (range 11) 337 | -10/Materials | Identified exit to Mines 357 | -10/Materials | Entered Mines 362 | -10/Mines | Joined a pair of Derelicts in attacking an 0b10 outpost 369 | -10/Mines | Learned location of Mines (-9) 606 | -10/Mines | Learned location of Storage (-9) 624 | -10/Mines | Discovered exit to Materials (range 14) 643 | -10/Mines | Discovered exit to Materials (range 6) 1011 | -10/Mines | A weapon hastily lodged in a ceiling crevice suddenly fell to the ground 1096 | -10/Mines | Deemed a non-threat by the Exiles lab entrance 1096 | -10/Mines | Discovered new exit (range 5) 1103 | -10/Mines | Entered Exiles 1149 | -10/Exiles | Met 8R-AWN 1183 | -10/Exiles | Met EX-HEX 1244 | -10/Exiles | Met EX-BIN 1267 | -10/Exiles | Aligned with FarCom system 1269 | -10/Exiles | Given EX-Vault access code 1312 | -10/Exiles | Opened EX-Vault 1328 | -10/Exiles | Found Cloak of Protection 1405 | -10/Exiles | Warned to stay clear of 0b10 Research branches 1458 | -10/Exiles | Met EX-DEC 1466 | -10/Exiles | Learned location of Zion (-7) 1578 | -10/Exiles | Discovered new exit (range 10) 1593 | -10/Exiles | Left Exiles lab with Cloak of Protection 1593 | -10/Exiles | Entered Mines 1865 | -9/Mines | Discovered new exit (range 4) 1872 | -9/Mines | Entered Materials 1872 | -8/Materials | Evolved 4 slots: Propulsion x1, Utility x3 2045 | -8/Materials | Discovered new exit (range 21) 2125 | -8/Materials | Central database locked down 2273 | -8/Materials | Destroyed 7 combat bots 2283 | -8/Materials | Lost 3 parts (1n2u) 2571 | -8/Materials | Discovered new exit (range 12) 2632 | -8/Materials | Core integrity fell below 50% 2647 | -8/Materials | Core integrity fell below 20% 2654 | -8/Materials | Destroyed by Y-45 Defender with Heavy Assault Rifle Last Messages --------------- 02631_ Hvy. Assault Rifle destroyed. 02631_ Destroyed Hvy. Assault Rifle. 02632_ G-47 Trooper suffers critical hit (Burn). 02634_ R-06 Scavenger collects Lgt. Treads. 02634_ M-13 Machinist destroyed. 02634_ R-06 Scavenger destroyed. 02635_ W-25 Informer sends out distress signal. 02636_ The unstable cave ceiling collapses. 02638_ Rocket Launcher destroyed. 02639_ The unstable cave ceiling collapses. 02639_ Acquired 68 matter. 02642_ Transport Network Coupler destroyed. 02643_ R-06 Scavenger collects Lgt. Ion Engine. 02646_ The unstable cave ceiling collapses. 02647_ K-01 Serf collects debris. 02649_ R-06 Scavenger collects Com. Wheel. 02651_ K-01 Serf collects debris. 02651_ Critical hit (Burn: +37). 02652_ Acquired 23 matter. 02654_ K-01 Serf collects debris. Map ----- +----------------------------------------------------+ | | | | | | | | | | | | | | | | | | | ?????????????????????????????????????????????????? | | ?????????????????????????????????????????????????? | | ?????????????????????????????????????????????????? | | ??????????????????#??????????????????????????????? | | ??????????????????# ""???????????????????????????? | | ??????????????????# """??????????????????????????? | | ??????????????????# ??????????????????????????? | | ??????????????????#*! ??????????????????????????? | | ??????????????????#!! !?????????????????????????? | | ??????????????????# ?????????????????????????? | | ??????????????????# #####????????????????????? | | ??????????????????# ! # ####???????????"?????? | | ??????????????????# < # #####?###??""?????? | | ???????????????????? ## ## ""?????? | | ?????????????########+## ## ###+#??? | | ?????????? Y w gg ?? | | ?????????? @ g ?? | | ????????g? r r % ?? | | ?????????????#a########## # # # ####????? | | ????????????????????????### / #????? | | ??????????????????????????## """#????? | | ???????????????????????????# k """ R"#????? | | ???????????????????????????## """ """#????? | | ????????????????????????????## ## """ #????? | | ?????????????????????????????## ## / #????? | | ??????????????????????????????# ########### ???? | | ??????????????????????????????# % %% ??? | | ??????????????????????????????# = ??? | | ??????????????????????????????# ??? | | ??????????????????????????????# =#######+### ???? | | ??????????????????????????????# =#??????????????? | | ??????????????????????????????# =%#??????????????? | | ?????????????????###+########## ==#??????????????? | | ????????????????# !#??????????????? | | ????????????????# #??????????????? | | ????????????????# #??????????????? | | ?????????????????#+############ #??????????????? | | ????????????????????????# ?# #??????????????? | | ????????????????????????# ?# #??????????????# | | ????????????????????????# = # #??????????????# | | ????????????????????????# # #??????????????# | +----------------------------------------------------+ Best States ------------- Heat Dissipation 35 Energy Generation 14 Energy Capacity 275 Matter Stores 300 Matter Capacity 300 Sight Range 16 Terrain Scan Density 10 Additional Mass Support 6 Armor Coverage 450 Evasion (%) 55 Offensive Hacking 10 Item Schematics ----------------- None Robot Schematics ------------------ None Fabricated ------------ Nothing Alien Tech Used ----------------- None Achievements -------------- None Challenges ------------ None Game ------ Seed MicrowarpSwordNeutralizer Manual? 0 Play Time 00:29:27 Cumulative 32.2 hours Start 2024.05.06 @ 14:10:15 End 2024.05.06 @ 17:17:47 Sessions 5 Manual Loads 0 Difficulty Rogue Special Mode None Game No. 23 Rogue 23 Adventurer 0 Explorer 0 Win Type - Total 0 Types 0/0/0/0/0/0/0/0/0 Lore% 23 Gallery% 34 Achievement% 28 Wizard Run 0 Options --------- Layout 1 ASCII 0 Keyboard 0 Movement Mouse Keybinds 0 Fullscreen 1 Font 32/SmallcapsGlow Map View 50x35 Zoom Use 0% Tactical HUD 1 Map Filters NONE Filters NONE Steam 1 RUN: 6915fea2-3f9d-4de7-99b1-696bbad563da